 Dungeon Crawl Stone Soup version 0.17-a0-1719-g1afd5a1 (webtiles) character file.

77 kae the Slasher (level 4, 0/39 HPs)
             Began as a Minotaur Fighter on Aug 28, 2015.
             Slain by a gnoll
             ... wielding a +0 spear
              (8 damage)
             ... on level 3 of the Dungeon.
             The game lasted 00:01:03 (1160 turns).

kae the Slasher (Minotaur Fighter)                  Turns: 1160, Time: 00:01:03

Health: 0/39       AC:  6    Str: 26    XL:     4   Next: 14%
Magic:  3/3        EV:  7    Int:  6    God:
Gold:   115        SH:  9    Dex:  9    Spells: 0 memorised, 3 levels left

rFire  . . .     SeeInvis .     a - +0 long sword
rCold  . . .     Clarity  .     b - +0 scale mail
rNeg   . . .     SustAt   .     c - +0 shield
rPois  .         Gourm    .     (helmet restricted)
rElec  .         Spirit   .     (no cloak)
rCorr  .         Warding  .     (no gloves)
rMut   .         Stasis   .     (no boots)
MR     .....                    (no amulet)
Stlth  ..........               (no ring)
                                (no ring)

@: mighty, not resistant to hostile enchantments, extremely unstealthy
A: retaliatory headbutt, horns 2
a: no special abilities


You were on level 3 of the Dungeon.
You were hungry.

You visited 1 branch of the dungeon, and saw 3 of its levels.

You collected 115 gold pieces.

Inventory:

Hand weapons
 a - a +0 long sword (weapon)
Armour
 b - a +0 scale mail (worn)
 c - a +0 shield (worn)
Jewellery
 m - a +1 ring of slaying {unknown}
Scrolls
 g - a scroll of random uselessness {unknown}
 h - a scroll of identify {unknown}
 o - 3 scrolls of fog {unknown}
 p - a scroll of remove curse {unknown}
 q - a scroll of enchant weapon {unknown}
Potions
 f - 2 potions of flight {unknown}
 i - a potion of curing {unknown}
 j - 2 potions of ambrosia {unknown}
 l - a potion of lignification {unknown}
 n - a potion of agility {unknown}
Comestibles
 e - 3 bread rations
 k - 2 meat rations
 r - 5 fruits
 s - a royal jelly


   Skills:
 - Level 3.6 Fighting
 + Level 5.4 Long Blades
 - Level 3.6 Armour
 - Level 3.6 Shields


You had 3 spell levels left.
You didn't know any spells.

Dungeon Overview and Level Annotations

Branches:
Dungeon (3/15)

Altars:

Annotations:
D:3 Sigmund


Innate Abilities, Weirdness & Mutations

You reflexively headbutt those who attack you in melee.
You have a pair of horns on your head.


Message History

Unknown command.
Drink which item? (? for menu, Esc to quit)
You feel very mighty all of a sudden.
The giant newt bites you but does no damage.
You slice the giant newt!!
You kill the giant newt!
Sigmund closely misses you. Sigmund hits you with a scythe!
The gnoll closely misses you.
You closely miss Sigmund.
The gnoll hits you from afar with a spear.
You closely miss Sigmund. You headbutt Sigmund.
Sigmund is lightly wounded.
Sigmund gestures wildly while chanting.
Sigmund flickers and vanishes!
Deactivating autopickup; reactivate with Ctrl-A.
The gnoll completely misses you. Something hits you.
* * * LOW HITPOINT WARNING * * *
You barely miss something.
The gnoll hits you from afar with a spear!
You die...

.......)...##..#
.###...........#####.#
.# #..#######........#
# #..# #..#####.# #..#
#..# #.# #..# #..#
#.## ...# #..# #..#
.#.# #..#####..#
#...@{g...#
##.#####..###### #.#
#........ #.#
#†)###### #.# #..# #.
..# #..# .# ### #..#
.# #..# .# ...#


You could see a gnoll.

Vanquished Creatures
  An adder (D:2)
  2 gnolls (D:3)
  2 giant geckos
  2 ball pythons
  9 bats
  2 giant cockroaches (D:1)
  4 goblins (D:1)
  5 hobgoblins (D:1)
  2 jackals (D:2)
  7 kobolds
  3 giant newts
  8 rats
47 creatures vanquished.

Notes
Turn   | Place    | Note
--------------------------------------------------------------
     0 | D:1      | kae the Minotaur Fighter began the quest for the Orb.
     0 | D:1      | Reached XP level 1. HP: 19/19 MP: 0/0
    99 | D:1      | Reached XP level 2. HP: 26/26 MP: 1/1
   225 | D:1      | Reached skill level 4 in Long Blades
   391 | D:1      | Reached XP level 3. HP: 31/31 MP: 2/2
  1046 | D:3      | Reached skill level 5 in Long Blades
  1144 | D:3      | Noticed Sigmund
  1146 | D:3      | Reached XP level 4. HP: 28/39 MP: 3/3
  1160 | D:3      | Slain by a gnoll

Vault maps used:
D:1:      dpeg_arrival_rooms_c
D:2:      first_bread
D:3:      uniq_sigmund

Action                   |  1- 3 |  4- 6 || total
-------------------------+-------+-------++-------
Melee: Long sword        |   109 |     6 ||   115
  Use: Potion            |       |     1 ||     1
